NTL
HURON CUBS @ ST. CLOUD ROX
08/15/1982
 
TOP OF THE 1ST
Huron Cubs batting - Pitching for St. Cloud Rox : RHP Tony Becerra
Pitching: RHP Tony Becerra
Batting: LHB Gary Varsho 0-0: Ball
1-0: Ground out U3 (Groundball, 3, EV 89.4 MPH)
Batting: LHB Thomas Copeland 0-0: Ball
1-0: Bunted foul
1-1: Foul Ball, location: 2F
1-2: DOUBLE (Line Drive, 89D, EV 99.4 MPH)
Batting: RHB Mark Carreon 0-0: Ball
1-0: Fly out, F9 (Flyball, 9D, EV 99.4 MPH)
Runner from 2nd tags up, SAFE at 3rd, no throw by RF
Batting: RHB John Alvarez 0-0: Ball
1-0: Ball
2-0: Ball
3-0: Called Strike
3-1: Base on Balls
Batting: LHB Willis Gonzalez 0-0: Called Strike
0-1: Fly out, F9 (Flyball, 9, EV 91.9 MPH)
Top of the 1st over - 0 runs, 1 hit, 0 errors, 2 left on base; Huron 0 - St. Cloud 0
BOTTOM OF THE 1ST
St. Cloud Rox batting - Pitching for Huron Cubs : LHP Oliver Bell
Pitching: LHP Oliver Bell
Batting: LHB Doran Perdue 0-0: Ball
1-0: Ball
2-0: Ball
3-0: Called Strike
3-1: Swinging Strike
3-2: Ground out 6-3 (Groundball, 6, EV 101.3 MPH)
Batting: LHB Tim Flannery 0-0: Swinging Strike
0-1: Called Strike
0-2: Strikes out swinging
Batting: SHB R J Reynolds 0-0: SINGLE (Flyball, 56D, EV 91.3 MPH)
Batting: RHB Domingos Maravilhas 0-0: Called Strike
R J Reynolds is caught stealing 2nd base 2-4
Bottom of the 1st over - 0 runs, 1 hit, 0 errors, 0 left on base; Huron 0 - St. Cloud 0
TOP OF THE 2ND
Huron Cubs batting - Pitching for St. Cloud Rox : RHP Tony Becerra
Batting: LHB Rob Nelson 0-0: Foul Ball, location: 2F
0-1: Ball
1-1: Ball
2-1: Called Strike
2-2: SINGLE (Line Drive, 4MD, EV 93.8 MPH)
Batting: RHB Ray Ortega 0-0: Ball
1-0: Ball
2-0: Ball
3-0: Called Strike
3-1: SINGLE (Flyball, 4D, EV 97.5 MPH)
Rob Nelson to second
Batting: SHB Keith Smith 0-0: Called Strike
0-1: Swinging Strike
0-2: Ball
1-2: Ball
2-2: Foul Ball, location: 2F
2-2: Strikes out swinging
Batting: RHB Phillip Wilson 0-0: Ball
1-0: Ball
2-0: Grounds into double play, 5-4-3 (Groundball, 56, EV 80.0 MPH)
Top of the 2nd over - 0 runs, 2 hits, 0 errors, 1 left on base; Huron 0 - St. Cloud 0
BOTTOM OF THE 2ND
St. Cloud Rox batting - Pitching for Huron Cubs : LHP Oliver Bell
Batting: RHB Domingos Maravilhas 0-0: Ground out 4-3 (Groundball, 4, EV 93.1 MPH)
Batting: LHB Curtis Morgan 0-0: SINGLE (Groundball, 6MD, EV 103.8 MPH)
Batting: RHB Douglas Morganti 0-0: Called Strike
0-1: Foul Ball, location: 2F
0-2: DOUBLE (Line Drive, 89D, EV 105.6 MPH)
Curtis Morgan to third
Batting: RHB Rich Velasquez 0-0: Called Strike
0-1: Ball
1-1: Swinging Strike
1-2: Foul Ball, location: 2F
1-2: Foul Ball, location: 2F
1-2: SINGLE (Groundball, 4MD, EV 103.8 MPH)
Curtis Morgan scores
Douglas Morganti to third
Runner from 3rd tries for Home, SAFE, throw by CF to home
Batting: SHB Manny Galvez 0-0: Grounds into double play, 4-6-3 (Groundball, 4M, EV 90.6 MPH)
Bottom of the 2nd over - 2 runs, 3 hits, 0 errors, 0 left on base; Huron 0 - St. Cloud 2
TOP OF THE 3RD
Huron Cubs batting - Pitching for St. Cloud Rox : RHP Tony Becerra
Batting: LHB Gary Varsho 0-0: Called Strike
0-1: Ball
1-1: Ball
2-1: Ball
3-1: Swinging Strike
3-2: Base on Balls
Batting: LHB Thomas Copeland 0-0: Foul Ball, location: 2F
0-1: Called Strike
0-2: Ball
1-2: Ball
2-2: Foul Ball, location: 2F
2-2: Fly out, F9 (Flyball, 9, EV 86.9 MPH)
Batting: RHB Mark Carreon 0-0: Ball
Gary Varsho is caught stealing 2nd base 2-4
1-0: SINGLE (Line Drive, 56D, EV 97.5 MPH)
Batting: RHB John Alvarez 0-0: Ball
1-0: Swinging Strike
1-1: Ball
2-1: Ground out 4-3 (Groundball, 4D, EV 103.8 MPH)
Top of the 3rd over - 0 runs, 1 hit, 0 errors, 1 left on base; Huron 0 - St. Cloud 2
BOTTOM OF THE 3RD
St. Cloud Rox batting - Pitching for Huron Cubs : LHP Oliver Bell
Batting: RHB Butch Benton 0-0: Ball
1-0: Ground out 6-3 (Groundball, 6, EV 108.8 MPH)
Batting: LHB Doran Perdue 0-0: Called Strike
0-1: Swinging Strike
0-2: Ball
1-2: Ball
2-2: Strikes out swinging
Batting: LHB Tim Flannery 0-0: Called Strike
0-1: Foul Ball, location: 2F
0-2: Ground out 6-3 (Groundball, 56, EV 82.5 MPH)
Bottom of the 3rd over - 0 runs, 0 hits, 0 errors, 0 left on base; Huron 0 - St. Cloud 2
TOP OF THE 4TH
Huron Cubs batting - Pitching for St. Cloud Rox : RHP Tony Becerra
Batting: LHB Willis Gonzalez 0-0: Fly out, F9 (Flyball, 89XD, EV 95.0 MPH)
Batting: LHB Rob Nelson 0-0: Ball
1-0: Ball
2-0: Called Strike
2-1: Fly out, F4 (Line Drive, 4, EV 70.6 MPH)
Batting: RHB Ray Ortega 0-0: Ball
1-0: Ball
2-0: Swinging Strike
2-1: Swinging Strike
2-2: Ball
3-2: Foul Ball, location: 2F
3-2: Ground out U3 (Groundball, 3, EV 79.4 MPH)
Top of the 4th over - 0 runs, 0 hits, 0 errors, 0 left on base; Huron 0 - St. Cloud 2
BOTTOM OF THE 4TH
St. Cloud Rox batting - Pitching for Huron Cubs : LHP Oliver Bell
Batting: SHB R J Reynolds 0-0: Ball
1-0: Ball
2-0: Ball
3-0: Base on Balls
Batting: RHB Domingos Maravilhas 0-0: Ball
1-0: Fly out, F7 (Line Drive, 7D, EV 91.3 MPH)
Batting: LHB Curtis Morgan 0-0: Ball
1-0: Swinging Strike
1-1: Ball
2-1: Fly out, F7 (Flyball, 7LM, EV 91.3 MPH)
Batting: RHB Douglas Morganti 0-0: Fly out, F3 (Popup, 3F, EV 79.4 MPH)
Bottom of the 4th over - 0 runs, 0 hits, 0 errors, 1 left on base; Huron 0 - St. Cloud 2
TOP OF THE 5TH
Huron Cubs batting - Pitching for St. Cloud Rox : RHP Tony Becerra
Batting: SHB Keith Smith 0-0: Swinging Strike
0-1: Fly out, F7 (Flyball, 7LS, EV 98.1 MPH)
Batting: RHB Phillip Wilson 0-0: Ball
1-0: Fly out, F7 (Flyball, 7, EV 89.4 MPH)
Batting: LHB Gary Varsho 0-0: Called Strike
0-1: Foul Ball, location: 2F
0-2: Ball
1-2: Fly out, F9 (Flyball, 9D, EV 91.9 MPH)
Top of the 5th over - 0 runs, 0 hits, 0 errors, 0 left on base; Huron 0 - St. Cloud 2
BOTTOM OF THE 5TH
St. Cloud Rox batting - Pitching for Huron Cubs : LHP Oliver Bell
Batting: RHB Rich Velasquez 0-0: Called Strike
0-1: Ground out 5-3 (Groundball, 56, EV 90.6 MPH)
Batting: SHB Manny Galvez 0-0: Ball
1-0: Foul Ball, location: 2F
1-1: Called Strike
1-2: Ball
2-2: Ball
3-2: Foul Ball, location: 2F
3-2: Foul Ball, location: 2F
3-2: Strikes out looking
Batting: RHB Butch Benton 0-0: Ball
1-0: Swinging Strike
1-1: SINGLE (Groundball, 3D, EV 94.4 MPH)
Batting: LHB Doran Perdue 0-0: Foul Ball, location: 2F
0-1: Called Strike
0-2: SINGLE (Groundball, 6S, EV 65.6 MPH) (infield hit)
Butch Benton to second
Batting: LHB Tim Flannery 0-0: SINGLE (Flyball, 4D, EV 91.3 MPH)
Butch Benton to third
Doran Perdue to second
Runner from 3rd tries for Home, SAFE, throw by CF to home
Batting: SHB R J Reynolds 0-0: Ball
1-0: SINGLE (Groundball, 34D, EV 98.8 MPH)
Doran Perdue to third
Tim Flannery to second
Runner from 3rd tries for Home, SAFE, throw by RF to home
Batting: RHB Domingos Maravilhas 0-0: Called Strike
0-1: Ball
1-1: Ball
2-1: Ball
3-1: SINGLE (Groundball, 4M, EV 81.9 MPH) (infield hit)
Tim Flannery to third
R J Reynolds to second
Batting: LHB Curtis Morgan 0-0: Ball
1-0: Foul Ball, location: 2F
1-1: Ground out 4-3 (Groundball, 34, EV 86.3 MPH)
Bottom of the 5th over - 2 runs, 5 hits, 0 errors, 3 left on base; Huron 0 - St. Cloud 4
TOP OF THE 6TH
Huron Cubs batting - Pitching for St. Cloud Rox : RHP Tony Becerra
Batting: LHB Thomas Copeland 0-0: Ground out U3 (Groundball, 3L, EV 79.4 MPH)
Batting: RHB Mark Carreon 0-0: Ball
1-0: Foul Ball, location: 2F
1-1: SINGLE (Groundball, 6MD, EV 97.5 MPH)
Batting: RHB John Alvarez 0-0: Called Strike
0-1: Fly out, F8 (Flyball, 89D, EV 85.0 MPH)
Batting: LHB Willis Gonzalez 0-0: SINGLE (Flyball, 4D, EV 93.1 MPH)
Mark Carreon to second
Runner from 2nd tries for 3rd, SAFE, no throw by CF
Batting: LHB Rob Nelson 0-0: Swinging Strike
0-1: Swinging Strike
0-2: Ball
1-2: Foul Ball, location: 2F
1-2: Ground out 4-3 (Groundball, 4, EV 84.4 MPH)
Top of the 6th over - 0 runs, 2 hits, 0 errors, 2 left on base; Huron 0 - St. Cloud 4
BOTTOM OF THE 6TH
St. Cloud Rox batting - Pitching for Huron Cubs : LHP Oliver Bell
Batting: RHB Douglas Morganti 0-0: Called Strike
0-1: Ball
1-1: Ball
2-1: Fly out, F8 (Flyball, 8RM, EV 89.4 MPH)
Batting: RHB Rich Velasquez 0-0: Ball
1-0: Ball
2-0: Ball
3-0: Called Strike
3-1: Base on Balls
Batting: SHB Manny Galvez 0-0: Fly out, F3 (Popup, 23F, EV 91.9 MPH)
Batting: RHB Butch Benton 0-0: Ball
1-0: Swinging Strike
1-1: Ball
2-1: Ground out U3 (Groundball, 34S, EV 81.3 MPH)
Bottom of the 6th over - 0 runs, 0 hits, 0 errors, 1 left on base; Huron 0 - St. Cloud 4
TOP OF THE 7TH
Huron Cubs batting - Pitching for St. Cloud Rox : RHP Tony Becerra
Batting: RHB Ray Ortega 0-0: Swinging Strike
0-1: Foul Ball, location: 2F
0-2: SINGLE (Flyball, 89S, EV 88.8 MPH)
Batting: SHB Keith Smith 0-0: Ball
1-0: Ball
2-0: Called Strike
2-1: Swinging Strike
2-2: Fly out, F7 (Flyball, 7LM, EV 85.6 MPH)
Batting: RHB Phillip Wilson 0-0: Called Strike
0-1: Ball
1-1: Ball
2-1: Foul Ball, location: 2F
2-2: Fly out, F8 (Flyball, 8LM, EV 88.1 MPH)
Batting: LHB Gary Varsho 0-0: Ball
1-0: Called Strike
1-1: Swinging Strike
1-2: Fly out, F4 (Flyball, 34D, EV 75.6 MPH)
Top of the 7th over - 0 runs, 1 hit, 0 errors, 1 left on base; Huron 0 - St. Cloud 4
BOTTOM OF THE 7TH
St. Cloud Rox batting - Pitching for Huron Cubs : LHP Oliver Bell
Batting: LHB Doran Perdue 0-0: Ball
1-0: Called Strike
1-1: Ball
2-1: Reached on error, E5 (Groundball, 5, EV 84.4 MPH)
Batting: LHB Tim Flannery 0-0: Grounds into double play, 4-6-3 (Groundball, 4, EV 86.9 MPH)
Batting: SHB R J Reynolds 0-0: Swinging Strike
0-1: Called Strike
0-2: Ball
1-2: SINGLE (Groundball, 56, EV 86.9 MPH) (infield hit)
Batting: RHB Domingos Maravilhas 0-0: Ball
1-0: SINGLE (Flyball, 7LS, EV 85.6 MPH)
R J Reynolds to second
Batting: LHB Curtis Morgan 0-0: Ball
1-0: Fielders Choice at 2nd, 6-4 (Groundball, 6, EV 91.3 MPH)
Bottom of the 7th over - 0 runs, 2 hits, 1 error, 2 left on base; Huron 0 - St. Cloud 4
TOP OF THE 8TH
Huron Cubs batting - Pitching for St. Cloud Rox : RHP Tony Becerra
Pitching: RHP Mike Smith
Batting: LHB Thomas Copeland 0-0: Called Strike
0-1: Foul Ball, location: 2F
0-2: Ball
1-2: Strikes out looking
Batting: RHB Mark Carreon 0-0: Ball
1-0: Ball
2-0: Called Strike
2-1: Ball
3-1: Base on Balls
Batting: RHB John Alvarez 0-0: Ball
1-0: Foul Ball, location: 2F
1-1: Swinging Strike
1-2: Strikes out swinging
Batting: LHB Willis Gonzalez 0-0: Ball
1-0: Called Strike
1-1: Ball
2-1: SINGLE (Line Drive, 8RS, EV 95.6 MPH)
Mark Carreon to second
Runner from 2nd tries for 3rd, SAFE, no throw by CF
Batting: LHB Rob Nelson 0-0: Ball
1-0: Ball
2-0: Called Strike
2-1: Ground out 6-3 (Groundball, 4MS, EV 94.4 MPH)
Top of the 8th over - 0 runs, 1 hit, 0 errors, 2 left on base; Huron 0 - St. Cloud 4
BOTTOM OF THE 8TH
St. Cloud Rox batting - Pitching for Huron Cubs : LHP Oliver Bell
Batting: RHB Douglas Morganti 0-0: Ball
1-0: Ball
2-0: Called Strike
2-1: DOUBLE (Groundball, 5L, EV 109.4 MPH)
Batting: RHB Rich Velasquez 0-0: Ball
1-0: Foul Ball, location: 2F
1-1: Fly out, F8 (Flyball, 78XD, EV 89.4 MPH)
Runner from 2nd tags up, SAFE at 3rd, no throw by CF
Batting: SHB Manny Galvez 0-0: Ball
1-0: Fly out, F8 (Flyball, 8LS, EV 94.4 MPH)
Batting: RHB Butch Benton 0-0: Ball
1-0: Ball
2-0: Called Strike
2-1: 2-RUN HOME RUN (Flyball, 9LD, EV 97.5 MPH), Distance : 368 ft
Pitching: RHP Rich Carlucci
Batting: LHB Doran Perdue 0-0: Ball
1-0: Foul Ball, location: 2F
1-1: Fly out, F8 (Flyball, 8RD, EV 100.6 MPH)
Bottom of the 8th over - 2 runs, 2 hits, 0 errors, 0 left on base; Huron 0 - St. Cloud 6
TOP OF THE 9TH
Huron Cubs batting - Pitching for St. Cloud Rox : RHP Mike Smith
Batting: RHB Ray Ortega 0-0: Called Strike
0-1: Swinging Strike
0-2: Ball
1-2: Strikes out swinging
Batting: SHB Keith Smith 0-0: Ball
1-0: Fly out, F5 (Line Drive, 5, EV 73.8 MPH)
Batting: RHB Phillip Wilson 0-0: Called Strike
0-1: Foul Ball, location: 2F
0-2: Ball
1-2: Foul Ball, location: 2F
1-2: Strikes out swinging
Top of the 9th over - 0 runs, 0 hits, 0 errors, 0 left on base; Huron 0 - St. Cloud 6
Monday, August 24th, 2020 - OOTP Baseball 21.5 Build 76